 Dungeon Crawl Stone Soup version 0.28-a0-1152-g9c71ebef14 (webtiles) character file.

Game seed: 17526973074933629794

2 spaghetti the Sneak (level 1, -7/15 (16) HPs)
             Began as an Octopode Delver on Dec 14, 2021.
             Mangled by a wight (11 damage)
             ... on level 5 of the Dungeon.
             The game lasted 00:00:21 (51 turns).

spaghetti the Sneak (Octopode Delver)                 Turns: 51, Time: 00:00:22

HP:   -7/15 (16)    AC:  1    Str: 11    XL:     1   Next: 30%
MP:   1/1           EV: 13    Int: 12    God:
Gold: 0             SH:  0    Dex: 13    Spells: 0/0 levels left

rFire   . . .      SeeInvis .   a - +0 hand axe {axe}
rCold   . . .      Faith    .   (no shield)
rNeg    . . .      Spirit   .   (helmet restricted)
rPois   .          Reflect  .   (no amulet)
rElec   .          Harm     .   (no ring)
rCorr   .          Rampage  .   (no ring)
Will    .....                   (no ring)
Stlth   ++++......              (no ring)
HPRegen 0.05/turn               (no ring)
MPRegen 0.07/turn               (no ring)
                                (no ring)
                                (no ring)

@: drained
A: almost no armour, amphibious, 8 rings, camouflage 1, gelatinous body 1,
(nimble swimmer 1), tentacles
a: no special abilities


You were on level 5 of the Dungeon.
You visited 1 branch of the dungeon, and saw 1 of its levels.


Innate Abilities, Weirdness & Mutations

You cannot wear most types of armour.
You are amphibious.
You can wear up to eight rings at the same time.
Your skin changes colour to match your surroundings (Stealth+).
Your rubbery body absorbs attacks. (AC +1, EV +1)
((You are camouflaged near water. (Stealth+)))
You have tentacles for arms and can constrict up to eight enemies at once.


   Skills:
 + Level 3.1 Fighting
 - Level 2.0 Axes
 - Level 2.0 Dodging
 - Level 6.6 Stealth


You couldn't memorise any spells.
You didn't know any spells.
Your spell library was empty.

Inventory:

Hand Weapons
 a - a +0 hand axe (weapon) {axe}
Missiles
 g - 13 sling bullets
Wands
 f - a wand of digging (3)
Scrolls
 b - a scroll of fog
 c - a scroll of magic mapping {!r}
 d - a scroll of fear
Potions
 e - a potion of haste {@q3}

Dungeon Overview and Level Annotations

Branches:
Dungeon (5/15)
 Temple: D:4-7

Altars:

..# #.# #######.####
...........#
...........#
...........#####
...............######
......z...### #@zz.#
......###...# ####.#
......# #.#....#....#
.z....# #.#######.###
......###z#.[....z#
........#.#.#######
........#.#.##
......).#....#
........######


You could see 2 wights.


Message History

🤖 Initializing magus.rc ...
Options error: Delay interrupt name "hungry" not recognised. (~/.crawlrc:4771) ✅ Successfully initialized magus.rc [v1.9.6] Welcome, spaghetti the Octopode Delver.
The heart of this dungeon contains the majestic artefact, the Orb of Zot.
Press ? for a list of commands and other information.
Found 10 gold pieces.
Found a stone staircase leading down.
An adder and a wight come into view. 2 wights come into view.
An iguana comes into view.
The adder hisses angrily.
The adder enters a dispersal trap!
The wight blinks!
You blink.
An orc comes into view. It is wielding a +0 whip.
Unknown command.
The helpless orc fails to defend itself.
You hit the orc. You grab the orc. You constrict the orc.
The orc hits you but does no damage.
You hit the orc.
You kill the orc!
Things that are here:
a +0 whip {mace}; a +0 leather armour
g - 13 sling bullets You start waiting.
A wight is nearby!
The wight misses you.
You hit the wight but do no damage. Your grab misses the wight.
You squeeze the wight, but do no damage.
The wight hits you with a +3 dagger!
Ouch! That really hurt!
* * * LOW HITPOINT WARNING * * *
You feel drained.
* * * LOW HITPOINT WARNING * * *
😱 HP[-13]
You now have 15 max hp (-1).
You take 13 damage, and now have 3/15 hp.
MASSIVE DAMAGE!! (PAUSE)
Okay, then.
You see here a +0 robe. 😨 HP[+1]
Found a stone staircase leading up.
There is a stone staircase leading up here.
The wight hits you with a +3 dagger!
Ouch! That really hurt!
You die...

Action                   || total
-------------------------++-------
Melee: Hand axe          ||     3
       Constrict         ||     1
       Tentacles         ||     1
 Stab: Sleeping          ||     1
Armor: Skin              ||     1
Dodge: Dodged            ||     1

Levels and vault maps discovered:
D:5:      layout_basic, general_overflow_altar

Notes
Turn   | Place    | Note
-------+----------+-------------------------------------------
     0 | D:5      | spaghetti the Octopode Delver began the quest for the Orb.
     0 | D:5      | Reached XP level 1. HP: 16/16 MP: 1/1
     0 | D:5      | magus.rc [v1.9.6]
     2 | D:5      | Noticed a wight
     3 | D:5      | Noticed a wight
     3 | D:5      | Noticed a wight
     5 | D:5      | Noticed an iguana
    36 | D:5      | HP: 3/15 [wight (2)]
    51 | D:5      | Mangled by a wight

Vanquished Creatures
  An orc (D:5)
1 creature vanquished.

Table legend:
 A = Non-vault XP
 B = Vault XP
 C = Vault XP percentage of total XP
 D = Non-vault monster count
 E = Vault monster count
 F = Vault count percentage of total count
                 A         B        C        D         E       F
            +---------+---------+-------+---------+---------+-------
      Total |       3 |       0 |   0.0 |       1 |       0 |   0.0
            +---------+---------+-------+---------+---------+-------
        D:5 |       3 |       0 |   0.0 |       1 |       0 |   0.0
            +---------+---------+-------+---------+---------+-------

Illustrated notes

Table legend:
 A = Kills in this place as a percentage of kills in entire the game.
 B = Kills by you in this place as a percentage of kills by you in the entire game.
 C = Kills by friends in this place as a percentage of kills by friends in the entire game.
 D = Other kills in this place as a percentage of other kills in the entire game.
 E = Experience gained in this place as a percentage of experience gained in the entire game.
 F = Experience gained in this place divided by the number of levels of this place that you have seen.
                   A       B       C       D       E      F
               +-------+-------+-------+-------+-------+----------------------
         Total | 100.0 | 100.0 |   N/A |   N/A | 100.0 |   3.0
       Dungeon | 100.0 | 100.0 |   N/A |   N/A | 100.0 |   3.0
               +-------+-------+-------+-------+-------+----------------------

Table legend: (Time is in decaauts)
 A = Elapsed time spent in this place.
 B = Non-inter-level travel time spent in this place.
 C = Inter-level travel time spent in this place.
 D = Time resting spent in this place.
 E = Time spent auto-exploring this place.
 F = Levels seen in this place.
 G = Mean time per level.
                   A        B        C        D        E       F      G
               +--------+--------+--------+--------+--------+-----+--------+
         Total |     51 |     51 |      0 |      2 |      5 |   1 |   51.0 |
       Dungeon |     51 |     51 |      0 |      2 |      5 |   1 |   51.0 |
               +--------+--------+--------+--------+--------+-----+--------+

Top non-repeatable levels by time:
     D:5: 51 daAuts
